 Dungeon Crawl Stone Soup version 0.31.0-32-g396128a36d (webtiles) character file.

Game seed: 9780793161128795134

25 boopmooplesden the Covered (level 2, 0/25 HPs)
             Began as an Armataur Fighter on Mar 18, 2024.
             Slain by a goblin
             ... wielding a +0 club
             ... led by Robin
              (3 damage)
             ... on level 2 of the Dungeon.
             The game lasted 00:00:54 (633 turns).

boopmooplesden the Covered (Armataur Fighter)        Turns: 633, Time: 00:00:55

Health: 0/25       AC:  7    Str: 21    XL:     2   Next: 82%
Magic:  2/2        EV:  7    Int:  8    God:
Gold:   87         SH:  4    Dex:  9    Spells: 1/1 levels left

rFire   . . .        a - +0 flail
rCold   . . .        c - +0 buckler
rNeg    . . .        b - +0 scale mail
rPois   .            (no helmet)
rElec   .            (no cloak)
rCorr   .            (no gloves)
SInv    .            (no barding)
Will    .....        (no amulet) Stlth
                     (no ring)
HPRegen 0.24/turn    (no ring)
MPRegen 0.08/turn

%: roll
@: mighty
A: large, deformed body, tough skin 3, armoured tail, roll 1
a: no special abilities


You were on level 2 of the Dungeon.
You visited 1 branch of the dungeon, and saw 2 of its levels.

You collected 87 gold pieces.

Inventory:

Hand Weapons
 a - a +0 flail (weapon)
Armour
 b - a +0 scale mail (worn)
 c - a +0 buckler (worn)
Scrolls
 e - a scroll of poison {unknown}
 h - a scroll of teleportation {unknown}
Potions
 d - a potion of might
 f - 3 potions of curing {unknown}
 g - a potion of attraction {unknown}
 i - a potion of mutation {unknown}
 j - a potion of haste {unknown}


   Skills:
 + Level 2.9 Fighting
 + Level 2.1 Maces & Flails
 + Level 4.0 Armour
 + Level 3.7 Shields


You had one spell level left.
You didn't know any spells.
Your spell library contained the following spells:

 Spells                   Type           Power      Damage    Failure   Level
 Apportation              Tloc           0%         N/A       80%         1
 Necrotise                Necr           0%         1d4       80%         1
 Sting                    Conj/Alch      0%         1d3       80%         1
 Summon Small Mammal      Summ           0%         N/A       80%         1
 Malign Gateway           Summ/Tloc      0%         N/A       100%        7
 Summon Horrible Things   Summ           0%         N/A       100%        8


Dungeon Overview and Level Annotations

Branches:
Dungeon (2/15)

Altars:

Shops:
D:2 (

Annotations:
D:1 2 transporters


Innate Abilities, Weirdness & Mutations

Armour fits poorly on your strangely shaped body.
You have extremely tough skin. (AC +3)
You have a long armoured tail.
You regenerate magic when rolling toward enemies. (Rampage MPRegen)


Message History

The goblin moves out of view. x2
You hear a shout!
Robin shouts!
You feel very mighty all of a sudden.
You thump the goblin!
You kill the goblin!
You barely miss the hobgoblin.
The hobgoblin hits you but does no damage.
Robin throws the goblin at you!
The hobgoblin hits you but does no damage.
The goblin hits you with a +0 club.
You sock the hobgoblin!
You kill the hobgoblin!
Robin roars a battlecry!
The goblin goes into a battle-frenzy!
The goblin hits you with a +0 club.
A hobgoblin comes into view.
The hobgoblin shouts!
The goblin shouts!
You hear a loud squeak.
Robin throws the goblin at you!
A goblin comes into view. It is wielding a +0 dagger.
The goblin hits you with a +0 club.
The hobgoblin moves out of view.
You see here a +0 dagger.
You sock Robin!
Robin is heavily wounded.
The goblin hits you with a +0 club.
You closely miss the hobgoblin. Robin misses you.
The goblin hits you with a +0 club. The hobgoblin hits you.
* * * LOW HITPOINT WARNING * * *
Robin closely misses you. You block the goblin's attack.
The hobgoblin hits you but does no damage.
You sock the hobgoblin!
You kill the hobgoblin!
You block Robin's attack. The goblin hits you with a +0 club.
* * * LOW HITPOINT WARNING * * *
You closely miss Robin. You tail-slap Robin!
You kill Robin!
You block the goblin's attack.
Your Armour skill increases to level 4!
You closely miss the goblin. You block the goblin's attack.
The goblin hits you with a +0 club.
You die...

..
...g#####
.).gg.gg#
#@# #g#
#g# #.#
#.# # # #
#.# #
###. .#.
#.#
...###.#
#.# ####
#.....#
#.#


You could see a hobgoblin (strong) and 6 goblins.

Vanquished Creatures
  Robin (D:2)
  2 goblins (D:2)
  2 hobgoblins (D:2)
  A quokka (D:2)
  A ball python (D:1)
  2 bats (D:2)
  2 frilled lizards
  2 kobolds (D:1)
  3 rats
16 creatures vanquished.

Notes
Turn   | Place    | Note
-------+----------+-------------------------------------------
     0 | D:1      | boopmooplesden the Armataur Fighter began the quest for the
                  | Orb.
     0 | D:1      | Reached XP level 1. HP: 18/18 MP: 1/1
   197 | D:1      | Found a faded altar of an unknown god.
   506 | D:2      | Found Xutir's Antique Weapon Emporium.
   558 | D:2      | Reached XP level 2. HP: 25/25 MP: 2/2
   622 | D:2      | Noticed Robin
   632 | D:2      | Killed Robin
   633 | D:2      | Reached skill level 4 in Armour
   633 | D:2      | Slain by a goblin

Illustrated notes

Levels and vault maps discovered:
D:1:      spicycebolla_arrival_transporter_tutorial, layout_rooms,
          shapermc_ecumenical_altar_gd, serial_glass, glass_columns_a,
          glass_columns_a, glass_columns_a, glass_columns_b, minivault_11
D:2:      layout_loops_ring, serial_shops, shop, serial_glass, glass_columns_a,
          glass_columns_a, glass_columns_a, glass_columns_a, glass_columns_b,
          glass_columns_a, glass_columns_c, glass_columns_c, uniq_robin

Skill      XL: |  1  2 |
---------------+-------+-----
Maces & Flails | 2 |  2.1
Armour         | 4 |  4.0
Fighting       | |  2.9
Shields        | |  3.7

Action                     || total
---------------------------++-------
  Melee: Flail             ||    34
         Tailslap          ||     3
    Use: Scroll            ||     2
         Potion            ||     1
 Armour: Scale mail        ||    24
  Dodge: Dodged            ||    12
  Block: Buckler           ||     8
